 Dungeon Crawl Stone Soup version 0.25-a0-829-g4e6a552925 (webtiles) character file.

Game seed: 12880608821353466116, levelgen mode: deterministic

50 jt the Cudgeler (level 3, -1/32 HPs)
             Began as a Naga Skald on Apr 21, 2020.
             Slain by an adder (2 damage)
             ... on level 2 of the Dungeon.
             The game lasted 00:03:34 (1557 turns).

jt the Cudgeler (Naga Skald)                        Turns: 1557, Time: 00:03:35

Health: -1/32      AC:  2    Str: 13    XL:     3   Next: 79%
Magic:  6/6        EV:  9    Int: 14    God:
Gold:   117        SH:  0    Dex: 10    Spells: 1/6 levels left

rFire    . . .     SeeInvis +   a - +0 mace
rCold    . . .     Gourm    .   (no shield)
rNeg     . . .     Faith    .   b - +0 leather armour
rPois    +         Spirit   .   (no helmet)
rElec    .         Reflect  .   (no cloak)
rCorr    .         Harm     .   (no gloves)
MR       .....                  (no barding)
Stlth    +.........             (no amulet)
HPRegen  0.10/turn              (no ring)
MPRegen  0.10/turn              (no ring)

@: very slow
A: large, see invisible, deformed body, poison resistance, slowness 2, slow
metabolism 1, spit poison 1, AC +1
a: Spit Poison


You were on level 2 of the Dungeon.
You were not hungry.

You visited 1 branch of the dungeon, and saw 2 of its levels.

You collected 117 gold pieces.

Inventory:

Hand Weapons
 a - a +0 mace (weapon)
 i - a +0 hunting sling
 o - a +0 spear
Missiles
 c - 22 arrows
 p - 63 stones (quivered)
Armour
 b - a +0 leather armour (worn)
Jewellery
 m - an uncursed amulet of harm {unknown}
Wands
 t - a wand of polymorph (11)
Scrolls
 f - a scroll of fear {unknown}
 g - a scroll of fog {unknown}
 h - 3 scrolls of identify {unknown}
 k - 2 scrolls of teleportation {unknown}
 q - a scroll of immolation {unknown}
 s - a scroll of amnesia {unknown}
 u - a scroll of remove curse {unknown}
Potions
 e - a potion of might {unknown}
 j - 3 potions of heal wounds {unknown}
 l - a potion of curing {unknown}
 n - a potion of flight {unknown}
Comestibles
 d - a ration
 r - 2 chunks of flesh


   Skills:
 - Level 2.0 Fighting
 + Level 4.0 Maces & Flails
 - Level 0.7 Armour
 - Level 1.5 Dodging
 - Level 2.0 Spellcasting
 - Level 3.0 Charms


You had one spell level left.
You knew the following spells:

 Your Spells              Type           Power        Failure   Level  Hunger
a - Infusion              Chrm           #...         9%          1    ##.....
b - Song of Slaying       Chrm           #.......     13%         2    ###....
c - Shroud of Golubria    Chrm/Tloc      #.....       24%         2    ###....

Your spell library contained the following spells:

 Spells                   Type           Power        Failure   Level  Hunger
 Ozocubu's Armour         Chrm/Ice       #.......     43%         3    ####...
 Spectral Weapon          Hex/Chrm       #.......     43%         3    ####...


Dungeon Overview and Level Annotations

Branches:
Dungeon (2/15)

Altars:
Cheibriados


Innate Abilities, Weirdness & Mutations

You cannot wear boots.
Your serpentine skin is tough. (AC +1)
You have supernaturally acute eyesight. (SInv)
Armour fits poorly on your strangely shaped body.
Your system is resistant to poisons. (rPois)
You cover ground very slowly.
You have a slow metabolism.
You can spit poison.


Message History

The splash of poison misses the adder.
You feel slightly more hungry. The adder bites you.
You hit the adder but do no damage. The adder bites you but does no damage.
The adder closely misses you.
You barely miss the adder. The adder bites you. x2
You are too injured to fight recklessly!
You are too injured to fight recklessly!
You are too injured to fight recklessly!
You are too injured to fight recklessly!
You hit the adder but do no damage. The adder bites you.
You miss the adder. The adder bites you.
* * * LOW HITPOINT WARNING * * *
The adder bites you but does no damage.
You closely miss the adder.
You have got your breath back.
The adder bites you but does no damage.
You barely miss the adder. The adder bites you.
* * * LOW HITPOINT WARNING * * *
The adder bites you.
You die...

#####.##.#
#.....##.#
#)######.# #.#
#.# #.# .# #.#
.# #.# .#
.#####.######S#
#............@.#
#######..#######
##.# #.# #.# #.#
#.# ..#


You could see an adder.

Vanquished Creatures
  2 adders (D:2)
  A dart slug (D:1)
  4 giant cockroaches (D:1)
  4 goblins
  4 hobgoblins
  4 kobolds
  A quokka (D:2)
  A ball python (D:1)
  A bat (D:1)
  2 frilled lizards
  4 rats
28 creatures vanquished.

Notes
Turn   | Place    | Note
-------+----------+-------------------------------------------
     0 | D:1      | jt the Naga Skald began the quest for the Orb.
     0 | D:1      | Reached XP level 1. HP: 19/19 MP: 3/3
    81 | D:1      | Reached XP level 2. HP: 14/26 MP: 5/5
    85 | D:1      | Learned a level 2 spell: Song of Slaying
    88 | D:1      | Learned a level 2 spell: Shroud of Golubria
   500 | D:1      | Reached skill level 3 in Maces & Flails
   993 | D:2      | Reached XP level 3. HP: 22/32 MP: 0/6
  1360 | D:2      | Found a snail-covered altar of Cheibriados.
  1464 | D:2      | Reached skill level 4 in Maces & Flails
  1557 | D:2      | HP: 1/32 [adder (4)]
  1557 | D:2      | Slain by an adder

Levels and vault maps discovered:
D:1:      dpeg_arrival_pits, layout_loops_ring, st_stairs_6,
          kennysheep_crisscross
D:2:      layout_loops_ring, cheibriados_altar_1

Skill      XL: |  1  2  3 |
---------------+----------+-----
Maces & Flails | 3 4 |  4.0
Fighting       | |  2.0
Armour         | |  0.7
Dodging        | |  1.5
Spellcasting   | |  2.0
Charms         | |  3.0

Action                   || total
-------------------------++-------
Melee: Mace              ||    74
Throw: Stone             ||     3
 Cast: Shroud of Golubri ||     2
       Infusion          ||     1
 Abil: Spit Poison       ||    22
  Eat: Chunk             ||     3
Armor: Leather armour    ||    21
Dodge: Dodged            ||    43

Table legend:
 A = Non-vault XP
 B = Vault XP
 C = Vault XP percentage of total XP
 D = Non-vault monster count
 E = Vault monster count
 F = Vault count percentage of total count
                 A         B        C        D         E       F
            +---------+---------+-------+---------+---------+-------
      Total |      72 |       0 |   0.0 |      28 |       0 |   0.0
            +---------+---------+-------+---------+---------+-------
        D:1 |      29 |       0 |   0.0 |      16 |       0 |   0.0
        D:2 |      43 |       0 |   0.0 |      12 |       0 |   0.0
            +---------+---------+-------+---------+---------+-------
